General information
			
			
        
        - name: uno
 
        - type: Custom game
 
        - host: Sinsemilla
 
        - saver: Zanzu
 
        
map: TerenasStand 
        - players: 4
 
        - length: 10:42
 
        - speed: Fast
 - version: 1.22 W3XP
 - replay type:  Public
 
» download(29 KB)
Players
        team 1 (loser) 
              
              
Sinsemilla (
red | 56 APM | 599 actions | 10:38)
              
 3 Warden 
 2 Shadow Strike
 1 Blink
 
                » actions 
                
                | Assign group hotkey | 19 |  | 
| Basic commands | 36 |  | 
| Build / train | 41 |  | 
| Enter build submenu | 12 |  | 
| Enter hero's abilities submenu | 3 |  | 
| Remove unit from queue | 1 |  | 
| Right click | 197 |  | 
| Select / deselect | 150 |  | 
| Select group hotkey | 94 |  | 
| Use ability | 46 |  | 
                599 total
 » units 
                
                | Wisp | 14 |  | 
| Archer | 3 |  | 
| Huntress | 5 |  | 
| Dryad | 6 |  | 
                28 total
 » upgrades
                
                | Druid of the Claw Training | 1 |  | 
| Strength of the Wild | 1 |  | 
                2 total
 » buildings
                
                | Altar of Elders | 1 |  | 
| Moon Well | 5 |  | 
| Ancient of War | 2 |  | 
| Tree of Ages | 1 |  | 
| Hunter's Hall | 1 |  | 
| Ancient of Wonders | 1 |  | 
| Ancient of Lore | 2 |  | 
                13 total
 » build order
                00:09 Altar of Elders
00:14 Moon Well
00:59 Ancient of War
01:38 Moon Well
02:11 Ancient of War
03:19 Tree of Ages
04:02 Hunter's Hall
04:24 Moon Well
04:52 Ancient of Wonders
06:50 Moon Well
06:54 Ancient of Lore
07:17 Ancient of Lore
08:32 Moon Well
» items
                
                | Potion of Mana | 2 |  | 
| Potion of Healing | 1 |  | 
                3 total
  
               team 2 (winner) 
              
              
» 
Zanzu (
light-blue | 60 APM | 637 actions | 10:42)
              
 4 Keeper of the Grove 
 2 Entangling Roots
 2 Force of Nature
 
                » actions 
                
                | Assign group hotkey | 11 |  | 
| Basic commands | 50 |  | 
| Build / train | 32 |  | 
| ESC pressed | 1 |  | 
| Enter build submenu | 14 |  | 
| Enter hero's abilities submenu | 4 |  | 
| Remove unit from queue | 2 |  | 
| Right click | 324 |  | 
| Select / deselect | 132 |  | 
| Select group hotkey | 37 |  | 
| Use ability | 30 |  | 
                637 total
 » units 
                
                | Wisp | 8 |  | 
| Archer | 8 |  | 
| Huntress | 5 |  | 
| Glaive Thrower | 2 |  | 
                23 total
 » upgrades
                
                | Strength of the Moon | 1 |  | 
| Moon Armor | 1 |  | 
                2 total
 » buildings
                
                | Altar of Elders | 1 |  | 
| Moon Well | 3 |  | 
| Ancient of War | 3 |  | 
| Hunter's Hall | 1 |  | 
| Ancient Protector | 4 |  | 
                12 total
 » build order
                00:08 Altar of Elders
00:14 Moon Well
01:30 Ancient of War
01:33 Ancient of War
01:39 Hunter's Hall
02:01 Ancient of War
02:29 Moon Well
04:21 Moon Well
09:04 Ancient Protector
09:06 Ancient Protector
09:49 Ancient Protector
09:51 Ancient Protector
 
               observersi.Lose, 
KTRON Chat log
          
(01:05 / All) Zanzu: hai thar
(01:25 / All) Sinsemilla: hihi
(08:03 / All) Sinsemilla: lol
(08:04 / All) Sinsemilla: oop
(10:19 / All) Sinsemilla: gg
(10:27 / All) Zanzu: yup
(10:34 / All) Sinsemilla: i fucked up